 Dungeon Crawl Stone Soup version 0.30.1-9-gdf580d7c3d (webtiles) character file.

Game seed: 6299570823800883308

88677 cowcol the Slayer (level 15, -2/158 HPs)
             Began as a Minotaur Fighter on Sept 22, 2023.
             Was a High Priest of Okawaru.
             Succumbed to a naga's splash of poison
             ... on level 2 of the Lair of Beasts on Sept 27, 2023.
             The game lasted 01:15:13 (27802 turns).

cowcol the Slayer (Minotaur Fighter)               Turns: 27802, Time: 01:15:13

Health: -2/158     AC: 51    Str: 26    XL:     15   Next: 47%
Magic:  16/16      EV:  6    Int:  7    God:    Okawaru [*****.]
Gold:   2944       SH:  0    Dex: 10    Spells: 14/14 levels left

rFire   + . .        r - +8 executioner's axe (drain)
rCold   + . .        (shield currently unavailable)
rNeg    + + .        Y - +14 crystal plate armour of Bigrodd {rN++}
rPois   .            G - +2 hat {Stlth+}
rElec   .            d - scarf {rC+ rF+}
rCorr   .            u - +2 pair of gloves {Stlth+}
SInv    .            x - +2 pair of boots {rampage}
Will    ++...        (no amulet) Stlth
                     T - ring of willpower
HPRegen 0.46/turn    m - +4 ring of protection
MPRegen 0.15/turn

%: clarity, rampage
@: lethally poisoned (-2 -> -16), studying Axes
A: horns 2, retaliatory headbutt, clarity, mutation resistance 1
a: Renounce Religion, Heroism, Finesse, Duel


You were on level 2 of the Lair of Beasts.
You worshipped Okawaru.
Okawaru was extremely pleased with you.
You visited 5 branches of the dungeon, and saw 24 of its levels.
You also visited: Ossuary.

You collected 3425 gold pieces.
You spent 481 gold pieces at shops.

Inventory:

Hand Weapons
 b - the +6 mace of Circularity {freeze, rC+ Str+3 Stlth-}
   (You found it on level 13 of the Dungeon)

   Str:       It affects your strength (+3).
   rC:        It protects you from cold.
   Stlth:     It makes you less stealthy.
 r - a +8 executioner's axe of draining (weapon)
 O - a +4 war axe of freezing
 V - a +2 scimitar of flaming
Missiles
 t - 60 poisoned darts (quivered)
 Q - 4 silver javelins
Armour
 d - a scarf of resistance (worn)
 l - a +1 cloak
 u - a +2 pair of gloves of stealth (worn)
 x - a +2 pair of boots of rampaging (worn)
 G - a +2 hat of stealth (worn)
 Y - the +14 crystal plate armour of Bigrodd (worn) {rN++}
   (Okawaru gifted it to you on level 12 of the Dungeon)

   rN:        It greatly protects you from negative energy.
Jewellery
 c - a ring of ice
 i - a +5 ring of evasion
 m - a +4 ring of protection (right hand)
 o - the amulet "Paocissu" {Reflect Int+4 SH+5}
   (You found it on level 3 of the Lair of Beasts)

   [amulet of reflection]

   It reflects blocked missile attacks.
   Int:       It affects your intelligence (+4).
   SH:        It affects your SH (+5).
 B - an amulet of the acrobat
 H - a ring of resist corrosion
 L - a ring of ice
 M - a ring of see invisible
 P - a +6 ring of intelligence
 T - a ring of willpower (left hand)
Wands
 v - a wand of flame (42)
 y - a wand of digging (8)
 C - a wand of iceblast (9)
 N - a wand of paralysis (5)
Scrolls
 f - 11 scrolls of teleportation
 h - 6 scrolls of poison
 n - 2 scrolls of blinking
 q - 8 scrolls of identify
 A - 10 scrolls of vulnerability
 E - 4 scrolls of immolation
 I - 8 scrolls of fear
 J - 2 scrolls of silence
 U - a scroll of magic mapping
Potions
 a - a potion of might
 e - 6 potions of flight
 g - a potion of magic
 j - 12 potions of curing
 k - 2 potions of cancellation {unknown}
 p - 5 potions of resistance
 w - a potion of invisibility {unknown}
 z - a potion of ambrosia
 D - 4 potions of heal wounds
 F - a potion of berserk rage {unknown}
 K - 3 potions of degeneration {unknown}
 R - a potion of attraction {unknown}
 S - a potion of brilliance
 X - 3 potions of lignification {unknown}
Miscellaneous
 s - a piece from Xom's chessboard (15/15)


   Skills:
 + Level 21.1 Fighting
 + Level 6.1 Long Blades
 + Level 18.0 Axes
 - Level 4.4 Throwing
 + Level 16.0 Armour
 - Level 4.0 Shields
 + Level 3.9 Invocations
 - Level 0.1 Evocations


You had 14 spell levels left.
You didn't know any spells.
Your spell library contained the following spells:

 Spells                   Type           Power      Damage    Failure   Level
 Freeze                   Ice            0%         1d3       100%        1
 Sandblast                Erth           0%         2d4       100%        1
 Sting                    Tmut/Pois      0%         1d3       100%        1
 Ensorcelled Hibernation  Hex/Ice        0%         N/A       100%        2
 Passwall                 Tmut/Erth      0%         N/A       100%        2
 Poisonous Vapours        Pois/Air       0%         N/A       100%        2
 Dazzling Flash           Conj/Hex       0%         N/A       100%        3
 Frozen Ramparts          Ice            0%         1d1       100%        3
 Gell's Gravitas          Tloc           0%         N/A       100%        3
 Hailstorm                Conj/Ice       0%         3d3       100%        3
 Portal Projectile        Hex/Tloc       0%         N/A       100%        3
 Stone Arrow              Conj/Erth      0%         3d7       100%        3
 Swiftness                Air            0%         N/A       100%        3
 Teleport Other           Tloc           0%         N/A       100%        3
 Vhi's Electric Charge    Tloc/Air       0%         N/A       100%        3
 Volatile Blastmotes      Fire/Tloc      0%         2d10      100%        3
 Fulminant Prism          Conj/Hex       0%         3d5       100%        4
 Ice Form                 Ice/Tmut       0%         N/A       100%        4
 Iskenderun's Mystic Bla  Conj/Tloc      0%         2d3       100%        4
 Olgreb's Toxic Radiance  Pois           0%         N/A       100%        4
 Agony                    Necr           0%         N/A       100%        5
 Alistair's Intoxication  Tmut/Pois      0%         N/A       100%        5
 Arcjolt                  Conj/Air       0%         1d10      100%        5
 Blade Hands              Tmut           0%         N/A       100%        5
 Borgnjor's Vile Clutch   Necr/Erth      0%         N/A       100%        5
 Lee's Rapid Deconstruct  Erth           0%         3d4*      100%        5
 Silence                  Hex/Air        0%         N/A       100%        5
 Dispersal                Tloc           0%         N/A       100%        6
 Eringya's Noxious Bog    Tmut/Pois      0%         N/A       100%        6
 Maxwell's Capacitive Co  Air            0%         ∞         100%        8
 Summon Small Mammal      Summ           Unusable   N/A       N/A         1
 Call Canine Familiar     Summ           Unusable   N/A       N/A         3
 Summon Guardian Golem    Hex/Summ       Unusable   N/A       N/A         3
 Tukima's Dance           Hex            Unusable   N/A       N/A         3
 Simulacrum               Ice/Necr       Unusable   N/A       N/A         6

Dungeon Overview and Level Annotations

Branches:
Dungeon (15/15)            Temple (1/1) D:4            Lair (5/5) D:8
  Swamp (0/4) Lair:3        Snake (1/4) Lair:2        Slime (0/5) Lair:5
    Orc (2/2) D:10            Elf (0/3) Orc:2        Vaults (0/5) D:13
 Depths (0/4) D:15        Ossuary (visited)

Altars:
Ashenzari
Cheibriados
Dithmenos
Elyvilon
Fedhas
Gozag
Hepliaklqana
Kikubaaqudgha
Makhleb
Nemelex Xobeh
Okawaru
Qazlal
Ru
Sif Muna
Trog
Uskayaw
Vehumet
Wu Jian
Xom
Yredelemnul
Zin
The Shining One
Jiyva

Shops:
D:4 [   D:6 *(   D:13 *   Orc:1 [   Orc:2 *:[(

Annotations:
D:3 3 runed translucent doors, TheriaGryphon's ghost, weakling TeRe
D:6 2 transporters, safid's ghost, novice MfIE
D:14 Roxanne


Innate Abilities, Weirdness & Mutations

You have a pair of horns on your head.
You reflexively headbutt those who attack you in melee.
You possess an exceptional clarity of mind.
You are somewhat resistant to further mutation.


Message History

You feel extremely sick.
* * * LOW HITPOINT WARNING * * *
You are more poisoned.
* * * LOW HITPOINT WARNING * * *
You are more poisoned.
The naga hits you but does no damage. The naga barely misses you.
The naga spits poison at you.
The splash of poison hits you but does no damage.
You are more poisoned.
The naga attacks as you move away! The naga hits you but does no damage.
The naga barely misses you.
You feel extremely sick.
* * * LOW HITPOINT WARNING * * *
You are more poisoned.
The naga hits you from afar with a +0 trident of protection.
* * * LOW HITPOINT WARNING * * *
The naga hits you but does no damage.
There is a staircase back to the Lair here.
* * * LOW HITPOINT WARNING * * *
You feel extremely sick.
* * * LOW HITPOINT WARNING * * *
You are more poisoned.
* * * LOW HITPOINT WARNING * * *
You are more poisoned.
The naga barely misses you. You furiously retaliate!
You headbutt the naga.
You kill the naga!
Okawaru accepts your kill. The naga closely misses you.
You furiously retaliate!
You headbutt the naga!
You kill the naga!
Okawaru accepts your kill. The naga spits poison at you.
The splash of poison hits you but does no damage.
You are more poisoned.
The naga hits you but does no damage.
You climb upwards.
Welcome back to the Lair of Beasts!
You feel yourself speed up.
* * * LOW HITPOINT WARNING * * *
You feel extremely sick.
There is a staircase to the Snake Pit here.
You die...

..## ##...............P#
### #...............##
##..........##..####
####[####..####..##.
#≈♣♣.♣.♣#### #...#.
♣P~....PP### ###..#.
###♣.♣♣.♣♣~~#.###.#....
###.#.P♣††.♣~♣#...##.....
#.#.....@>........##.....
##..#.P♣...♣..#..........
##.#♣.♣♣.♣♣.♣#..........
#.#.P~~.~.♣.#..........
#.##PPP.~..##........##
###..####.####........###
### ##...##
#..........#....# ##.#
#.#..# ###........##...#
#.#######..P#
##......###...##


There were no monsters in sight!

Vanquished Creatures
  An orc warlord (Orc:1)
  A dire elephant (Lair:5)
  Snorg (Lair:4)
  An ettin (D:15)
  The ghost of Xolotl the Carver, a journeyman DsDe of Makhleb (Orc:2)
  The ghost of growler the Stormcaller, a journeyman TeAE of Hepliaklqana (Lair:3)
  Fannar (Lair:1)
  3 hydras
  Erolcha (D:10)
  An ogre mage (D:13)
  2 centaur warriors (D:14)
  5 catoblepae
  A deep troll shaman (Lair:5)
  5 two-headed ogres
  8 death yaks
  8 boulder beetles
  A tengu warrior (D:15)
  2 orc high priests (Orc:2)
  Urug (D:13)
  Sonja (Lair:3)
  3 skeletal warriors (D:12)
  Lodul (D:14)
  2 bog bodies (Lair:3)
  2 deep trolls (D:15)
  2 wizards (D:15)
  6 orc knights
  A deep elf pyromancer (D:15)
  3 orc sorcerers
  6 ugly things
  5 manticores
  5 cyclopes
  6 black mambas
  21 elephants
  A torpor snail (Lair:5)
  A naga mage (Snake:1)
  9 cane toads
  2 gargoyles
  Psyche (D:10)
  6 orange demons (D:14)
  8 komodo dragons
  2 kobold demonologists (D:10)
  3 rime drakes
  2 efreet
  A yaktaur (D:15)
  3 red devils (D:14)
  8 trolls
  A queen bee (Lair:1)
  2 polar bears
  Grinder (D:5)
  7 dream sheep
  2 shadows
  A water elemental (D:11)
  13 slime creatures
  3 vampires
  5 wraiths
  5 wyverns
  28 yaks
  A steam dragon (D:9)
  A hog (shapeshifter) (D:15)
  A basilisk (Lair:1)
  4 vampire mosquitoes (D:12)
  11 wargs
  5 nagas
  5 water moccasins
  2 acid dragons
  27 orc warriors
  2 ice beasts
  2 sky beasts (D:8)
  16 ogres
  2 black bears (Lair:2)
  2 centaurs
  8 wolves
  2 elf zombies (Ossuary)
  3 kobold brigands
  6 bullfrogs
  Blork the orc (D:6)
  A gnoll sergeant (D:9)
  2 scorpions
  6 wights (D:8)
  A spectral ogre (Orc:2)
  43 killer bees
  6 electric eels
  5 howler monkeys
  4 hounds
  11 jellies
  15 orc priests
  2 gnoll boudas
  A human zombie (Ossuary)
  2 iguanas
  2 spectral orcs (Orc:2)
  14 orc wizards
  A hound zombie (Ossuary)
  4 mummies (Ossuary)
  24 gnolls
  9 adders
  2 ogre simulacra (Orc:2)
  2 shadow imps (D:6)
  2 ufetubi
  An orc simulacrum (Orc:2)
  2 worms
  3 dart slugs
  93 orcs
  4 ball pythons
  4 endoplasms
  3 giant cockroaches
  3 goblins
  6 hobgoblins
  13 jackals (D:3)
  5 quokkas
  7 bats
  A frilled lizard (D:2)
  4 gnoll zombies (Ossuary)
  A hobgoblin zombie (Ossuary)
  A jackal zombie (Ossuary)
  40 kobolds
  2 orc zombies (Ossuary)
  2 rats (D:1)
679 creatures vanquished.

Vanquished Creatures (others)
  A spectral ogre (Orc:2)
1 creature vanquished.

Grand Total: 680 creatures vanquished

Notes
Turn   | Place    | Note
-------+----------+-------------------------------------------
     0 | D:1      | cowcol the Minotaur Fighter began the quest for the Orb.
     0 | D:1      | Reached XP level 1. HP: 19/19 MP: 0/0
   292 | D:1      | Reached XP level 2. HP: 27/27 MP: 1/1
   651 | D:2      | Reached skill level 4 in Fighting
   882 | D:2      | You fall into a shaft and drop 2 floors!
   889 | D:4      | Noticed a scorpion
   897 | D:4      | Killed a scorpion
   898 | D:4      | Reached XP level 3. HP: 26/34 MP: 2/2
   898 | D:4      | Reached XP level 4. HP: 31/41 MP: 3/3
  1616 | D:3      | Found a basalt altar of Yredelemnul.
  1827 | D:3      | Reached skill level 5 in Armour
  1827 | D:3      | Reached XP level 5. HP: 42/47 MP: 4/4
  1866 | D:3      | Found a snail-covered altar of Cheibriados.
  1906 | D:3      | Found a runed translucent gate.
  1906 | D:3      | Found a runed translucent gate.
  1908 | D:3      | Noticed TheriaGryphon's ghost (weakling TeRe)
  1910 | D:3      | Found a runed translucent gate.
  1989 | D:3      | Noticed a water moccasin
  1997 | D:3      | Killed a water moccasin
  1998 | D:3      | Reached skill level 5 in Axes
  1998 | D:3      | Reached XP level 6. HP: 53/53 MP: 5/5
  2075 | D:3      | Found a sparkling altar of Nemelex Xobeh.
  2699 | D:3      | Reached skill level 5 in Fighting
  2699 | D:3      | Reached XP level 7. HP: 61/61 MP: 6/6
  3048 | D:3      | Found a glowing silver altar of Zin.
  3171 | D:4      | Found a staircase to the Ecumenical Temple.
  3188 | Temple   | Entered the Ecumenical Temple
  3264 | D:4      | Upgraded the game from 0.30.1-6-gbe392663c4 to
                  | 0.30.1-9-gdf580d7c3d
  3829 | D:4      | Identified the +1 robe of Miracles {Str+3}
  4125 | D:4      | Found an opulent altar of Gozag.
  4128 | D:4      | Found a shimmering altar of Xom.
  4133 | D:4      | Found a shimmering blue altar of Sif Muna.
  4137 | D:4      | Found a bloodstained altar of Trog.
  4144 | D:4      | Found a radiant altar of Vehumet.
  4201 | D:4      | Found Fituppog's Antique Armour Shop.
  4204 | D:4      | Bought a pair of runed gloves for 195 gold pieces
  4510 | D:5      | Entered Level 5 of the Dungeon
  4531 | D:5      | Reached XP level 8. HP: 69/69 MP: 7/7
  4684 | D:5      | Found a glowing golden altar of the Shining One.
  4730 | D:5      | Noticed Grinder
  4749 | D:5      | Killed Grinder
  4838 | D:5      | Reached skill level 6 in Fighting
  4845 | D:5      | Reached skill level 10 in Axes
  5184 | D:5      | Found a hazy altar of Hepliaklqana.
  5739 | D:6      | Found an iron altar of Okawaru.
  5744 | D:6      | Became a worshipper of Warmaster Okawaru
  5745 | D:6      | Found a transporter.
  5789 | D:6      | Noticed safid's ghost (novice MfIE)
  5813 | D:6      | Found a transporter.
  5934 | D:6      | Noticed Blork the orc
  5946 | D:6      | Killed Blork the orc
  5947 | D:6      | Reached skill level 7 in Fighting
  5947 | D:6      | Reached XP level 9. HP: 40/79 MP: 8/8
  6456 | D:6      | Found Ea-nāṣir's Fine Metal Goods.
  6460 | D:6      | Bought a chain mail for 99 gold pieces
  6549 | D:6      | Found Nawnor's Weapon Shop.
  7059 | D:7      | Reached * piety under Okawaru
  7060 | D:7      | Reached skill level 1 in Throwing
  7205 | D:7      | Found a sand-covered staircase.
  7208 | Ossuary  | Entered an ossuary
  7951 | D:8      | Reached ** piety under Okawaru
  8161 | D:8      | Reached skill level 8 in Fighting
  8163 | D:8      | Noticed a boulder beetle
  8175 | D:8      | Found a staircase to the Lair.
  8193 | D:8      | Killed a boulder beetle
  8193 | D:8      | Reached *** piety under Okawaru
  8194 | D:8      | Reached XP level 10. HP: 83/90 MP: 9/9
  8991 | D:9      | Received a gift from Okawaru
  9102 | D:9      | Reached skill level 9 in Fighting
  9648 | D:10     | Entered Level 10 of the Dungeon
  9846 | D:10     | Noticed Psyche
  9852 | D:10     | Noticed Erolcha
 10004 | D:10     | Killed Psyche
 10004 | D:10     | Reached **** piety under Okawaru
 10047 | D:10     | Killed Erolcha
 10056 | D:10     | Noticed a gargoyle
 10169 | D:10     | Killed a gargoyle
 10255 | D:10     | Reached skill level 15 in Axes
 10263 | D:10     | Reached skill level 10 in Fighting
 10298 | D:10     | Reached XP level 11. HP: 52/100 MP: 6/10
 10456 | D:10     | Found a blossoming altar of Fedhas.
 10466 | D:10     | Found a broken altar of Ashenzari.
 10536 | D:10     | Found a staircase to the Orcish Mines.
 11049 | D:11     | Noticed a boulder beetle
 11059 | D:11     | Killed a boulder beetle
 11059 | D:11     | Reached ***** piety under Okawaru
 11060 | D:11     | Reached skill level 1 in Invocations
 11120 | D:11     | Reached skill level 10 in Armour
 11539 | D:11     | Gained mutation: You are somewhat resistant to further
                  | mutation. [potion of mutation]
 11539 | D:11     | Gained mutation: You possess an exceptional clarity of
                  | mind. [potion of mutation]
 11912 | D:11     | Found a snail-covered altar of Cheibriados.
 12313 | D:12     | Noticed a skeletal warrior
 12313 | D:12     | Noticed a skeletal warrior
 12314 | D:12     | Noticed a skeletal warrior
 12334 | D:12     | Killed a skeletal warrior
 12349 | D:12     | Killed a skeletal warrior
 12350 | D:12     | Reached skill level 11 in Fighting
 12357 | D:12     | Killed a skeletal warrior
 12766 | D:12     | Identified the +14 crystal plate armour of Bigrodd {rN++}
                  | (Okawaru gifted it to you on level 12 of the Dungeon)
 12766 | D:12     | Received a gift from Okawaru
 12953 | D:12     | Noticed a boulder beetle
 12967 | D:12     | Killed a boulder beetle
 12968 | D:12     | Reached XP level 12. HP: 110/110 MP: 12/12
 12976 | D:12     | Noticed a two-headed ogre
 12982 | D:12     | Killed a two-headed ogre
 13683 | D:13     | Noticed a two-headed ogre
 13683 | D:13     | Noticed a two-headed ogre
 13684 | D:13     | Found a gate to the Vaults.
 13684 | D:13     | Noticed an ogre mage
 13705 | D:13     | Noticed a boulder beetle
 13706 | D:13     | Killed a two-headed ogre
 13711 | D:13     | Killed a two-headed ogre
 13717 | D:13     | Killed an ogre mage
 13718 | D:13     | Reached skill level 12 in Fighting
 13738 | D:13     | Killed a boulder beetle
 13857 | D:13     | Identified the +6 mace of Circularity {freeze, rC+ Str+3
                  | Stlth-}
 13956 | D:13     | Noticed Urug
 13963 | D:13     | Killed Urug
 13999 | D:13     | Found Vylir's Blood Bar.
 14519 | Lair:1   | Entered Level 1 of the Lair of Beasts
 14681 | Lair:1   | Received a gift from Okawaru
 15074 | Orc:1    | Entered Level 1 of the Orcish Mines
 15202 | Orc:1    | Found Soutty's Antique Armour Emporium.
 15329 | Orc:1    | Reached skill level 13 in Fighting
 15369 | Orc:1    | Reached XP level 13. HP: 122/122 MP: 13/13
 15587 | Orc:2    | Entered Level 2 of the Orcish Mines
 15590 | Orc:2    | Noticed an orc warlord
 15606 | Orc:1    | Killed an orc warlord
 16406 | Orc:2    | Reached ****** piety under Okawaru
 16829 | Orc:2    | Found Iluoterupp's Antique Armour Boutique.
 16857 | Orc:2    | Found a runed translucent gate.
 16857 | Orc:2    | Found a runed translucent gate.
 16858 | Orc:2    | Found a runed translucent gate.
 16862 | Orc:2    | Noticed Xolotl's ghost (journeyman DsDe)
 16914 | Orc:2    | Found Jeqic's Book Boutique.
 16951 | Orc:2    | Reached skill level 14 in Fighting
 17155 | Orc:2    | Found Siudef's General Store.
 17163 | Orc:2    | Received a gift from Okawaru
 17184 | Orc:2    | Bought a scroll of enchant weapon for 112 gold pieces
 17184 | Orc:2    | Bought a potion of heal wounds for 75 gold pieces
 17294 | Orc:2    | Found a staircase to the Elven Halls.
 17714 | Orc:2    | Found Zidghoest's Antique Weapon Shop.
 17894 | Orc:2    | Killed Xolotl's ghost
 18443 | Lair:1   | Noticed Fannar
 18446 | Lair:1   | Killed Fannar
 18447 | Lair:1   | Reached skill level 15 in Armour
 19032 | Lair:2   | Found a staircase to the Snake Pit.
 19348 | Lair:2   | Reached skill level 15 in Fighting
 19865 | Lair:2   | Reached XP level 14. HP: 76/136 MP: 15/15
 20489 | Lair:2   | Reached skill level 16 in Fighting
 20952 | Lair:3   | Identified the amulet "Paocissu" {Reflect Int+4 SH+5}
 20978 | Lair:3   | Noticed Sonja
 20992 | Lair:3   | Killed Sonja
 21031 | Lair:3   | Found a burning altar of Makhleb.
 21167 | Lair:3   | Found a runed translucent gate.
 21167 | Lair:3   | Found a runed translucent gate.
 21167 | Lair:3   | Found a runed translucent gate.
 21171 | Lair:3   | Reached skill level 1 in Long Blades
 21173 | Lair:3   | Noticed growler's ghost (journeyman TeAE)
 21188 | Lair:3   | Found a viscous altar of Jiyva.
 21832 | Lair:3   | Killed growler's ghost
 21832 | Lair:3   | Identified the +4 chain mail of the Exiled Demons {-Cast
                  | Drain Fly rF+++} (Okawaru gifted it to you on level 3 of
                  | the Lair of Beasts)
 21832 | Lair:3   | Received a gift from Okawaru
 22063 | Lair:3   | Reached skill level 17 in Fighting
 22131 | Lair:3   | Found a staircase to the Swamp.
 23805 | Lair:4   | Noticed Snorg
 23816 | Lair:4   | Killed Snorg
 24003 | Lair:5   | Entered Level 5 of the Lair of Beasts
 24011 | Lair:4   | Reached skill level 18 in Fighting
 24038 | Lair:5   | Reached skill level 5 in Long Blades
 24466 | Lair:5   | Found a viscous altar of Jiyva.
 24487 | Lair:5   | Found a staircase to the Slime Pits.
 24721 | Lair:5   | Identified the +8 demon blade "Hycadgh" {vamp, rN++ Str-4
                  | Dex+3 Stlth+} (Okawaru gifted it to you on level 5 of the
                  | Lair of Beasts)
 24721 | Lair:5   | Received a gift from Okawaru
 24797 | Lair:5   | Reached skill level 19 in Fighting
 25675 | D:14     | Reached XP level 15. HP: 152/152 MP: 16/16
 25687 | D:14     | Noticed Lodul
 25702 | D:14     | Killed Lodul
 25702 | D:14     | Received a gift from Okawaru
 25749 | D:14     | Reached skill level 20 in Fighting
 26118 | D:14     | Identified Roxanne's Essays on Vicissitude
 26118 | D:14     | Noticed Roxanne
 26610 | D:15     | Entered Level 15 of the Dungeon
 26640 | D:15     | Identified the +2 scale mail of the Moon {rCorr} (Okawaru
                  | gifted it to you on level 15 of the Dungeon)
 26640 | D:15     | Received a gift from Okawaru
 26653 | D:15     | Found a staircase to the Depths.
 27103 | D:15     | Identified 2 scrolls of acquirement
 27104 | D:15     | Acquired 551 gold pieces
 27105 | D:15     | Acquired a scarf of resistance
 27758 | Snake:1  | Entered Level 1 of the Snake Pit
 27767 | Lair:2   | Reached skill level 21 in Fighting
 27801 | Lair:2   | HP: 2/158 [poisoned by a naga (splash of poison)]
 27802 | Lair:2   | Succumbed to a naga's splash of poison

Illustrated notes

Levels and vault maps discovered:
D:1:      wander_arrival_estate, layout_loops_ring
D:2:      layout_basic, grunt_decor_arrowhead
D:3:      lemuel_castle_with_subvaults [lemuel_castle_interior_carwin_3],
          layout_loops_cross, nemelex_diamond_rough_becter,
          nicolae_overflow_crystal_walls, zin_treasury,
          mainiacjoe_overflow_six_doors_small, gammafunk_ghost_nasty_kobolds
D:4:      kennysheep_kobold_camp, layout_layer_cave, minitemple, temple_green,
          serial_shops, nicolae_shop_tiny_real_fake_doors
D:5:      layout_gridville, lemuel_crystal_altar, nzn_hepliaklqana_mist_gate,
          serial_bayou_ford_a, chequers_serial_rivers_micro_e, uniq_grinder
D:6:      layout_gridville, okawaru_gym_becter, serial_shops,
          nicolae_inconvenience_store, gammafunk_ghost_arena,
          grunt_ministairs_6, serial_bayou_pond_c,
          nicolae_ea-nasir_strikes_again, uniq_blork_the_orc
D:7:      layout_basic, lightli_ossuary_entry_decrepit_ruins
D:8:      layout_loops_ring, erik_lair_orcish_takeover
D:9:      nicolae_cairo_tiling_large, layout_basic
D:10:     layout_roguey, mainiacjoe_overflow_large_starburst, erik_orc_4,
          uniq_psyche, uniq_erolcha
D:11:     layout_basic, kennysheep_slug_shrine
D:12:     layout_stronghold
D:13:     layout_small_grid, david_vaults_2, guppyfry_shop_blood, uniq_urug
D:14:     layout_rooms, nicolae_concentric_dashed_squares_mild,
          minmay_beelzebubs_servants, uniq_lodul, uniq_roxanne
D:15:     hangedman_depths_entry_civil_slaughter, layout_basic
Temple:   hellmonk_temple_two_chambers
Lair:1:   layout_roguey [special_room_bee], serial_bayou_shore_b, uniq_fannar
Lair:2:   nzn_winding_woodlands_three_and_one
          [nzn_winding_woodlands_5x15_sawtooth,
          nzn_winding_woodlands_5x15_longhouse,
          nzn_winding_woodlands_5x15_pockets,
          nzn_winding_woodlands_center_lodge], layout_cave_pods,
          guppyfry_snake_entry_garden, minivault_27, beast_lair_carwin_3
Lair:3:   layout_long_grid, skrybe_swamp_entry_bodies, gammafunk_ghost_ooze,
          basic_altar, hangedman_lair_generics_rect, uniq_sonja
Lair:4:   nzn_motion_control, layout_small_grid, uniq_snorg
Lair:5:   grunt_lair_end_beastmaster, layout_loops_ring,
          nicolae_slime_entry_field_trip, nicolae_quartered_pool_little
Snake:1:  layout_onion_interference, abandoned_shop,
          fake_guardian_serpent_vault, minmay_shop_grove,
          nicolae_triple_integral
Orc:1:    layout_caves, serial_shops, nicolae_shop_behind_doors
Orc:2:    grunt_orc_gardens, layout_caves, grunt_orc_garden, grunt_orc_garden,
          grunt_orc_garden, grunt_orc_garden, gammafunk_ghost_necromancy

Skill      XL: |  1  2  3  4  5  6  7  8  9 10 11 12 13 14 15 |
---------------+----------------------------------------------+-----
Armour         | 4 5 6 8 9 11 13 15 16 | 16.0
Fighting       | 4 5 7 8 10 11 13 15 19 21 | 21.1
Shields        | 4 |  4.0
Axes           | 3 4 5 6 9 11 13 15 16 18 | 18.0
Throwing       | 1 2 4 |  4.4
Invocations    | 1 2 3 |  3.9
Long Blades    | 5 6 |  6.1
Evocations     | |  0.1

Action                     |  1- 3 |  4- 6 |  7- 9 | 10-12 | 13-15 || total
---------------------------+-------+-------+-------+-------+-------++-------
  Melee: War axe           |    36 |   127 |   320 |   479 |       ||   962
         Headbutt          |     6 |    15 |    45 |    98 |   138 ||   302
         Executioner's axe |       |       |       |    32 |   583 ||   615
         Scimitar          |       |       |       |       |    18 ||    18
  Throw: Dart              |       |       |    12 |    45 |    12 ||    69
         Throwing net      |       |       |     1 |       |       ||     1
 Invoke: Heroism           |       |       |       |    11 |    10 ||    21
  Evoke: Wand              |       |       |       |     1 |     1 ||     2
    Use: Scroll            |     2 |     4 |     8 |     3 |    13 ||    30
         Potion            |       |       |     3 |     4 |     3 ||    10
   Stab: Held in net/web   |       |       |     1 |       |       ||     1
 Armour: Scale mail        |     9 |    26 |       |       |       ||    35
         Ring mail         |       |    23 |    60 |       |       ||    83
         Chain mail        |       |       |    44 |    77 |       ||   121
         Skin              |       |       |       |     7 |       ||     7
         Plate armour      |       |       |       |    40 |       ||    40
         Crystal plate arm |       |       |       |   245 |   688 ||   933
  Dodge: Dodged            |    20 |   103 |   202 |   284 |   259 ||   868
  Block: Buckler           |    12 |    23 |    54 |    93 |       ||   182
